 Dungeon Crawl Stone Soup version 0.19.1 (webtiles) character file.

57 Ladykiller69 the Conjurer (level 3, -5/19 HPs)
             Began as a Deep Elf Conjurer on Dec 9, 2016.
             Killed from afar by Natasha (8 damage)
             ... with a magic dart
             ... on level 2 of the Dungeon.
             The game lasted 00:03:52 (1148 turns).

Ladykiller69 the Conjurer (Deep Elf Conjurer)       Turns: 1148, Time: 00:03:52

Health: -5/19      AC:  7    Str:  5    XL:     3   Next: 73%
Magic:  0/9        EV: 13    Int: 20    God:
Gold:   98         SH:  0    Dex: 15    Spells: 2 memorised, 4 levels left

rFire  . . .     SeeInvis .     p - +0 quarterstaff
rCold  . . .     Gourm    .     a - +0 robe
rNeg   . . .     Faith    .     (shield currently unavailable)
rPois  .         Spirit   .     (no helmet)
rElec  .         Reflect  .     q - +1 cloak
rCorr  .         Harm     .     j - +2 pair of gloves
MR     .....                    (no boots)
Stlth  ++........               (no amulet)
                                (no ring)
                                (no ring)

@: very slightly contaminated, slowed, very slow
A: no striking features
a: no special abilities


You were on level 2 of the Dungeon.
You were not hungry.

You visited 1 branch of the dungeon, and saw 2 of its levels.

You collected 98 gold pieces.

Inventory:

Hand Weapons
 p - a +0 quarterstaff (weapon)
Armour
 a - a +0 robe (worn)
 j - a +2 pair of gloves (worn)
 q - a +1 cloak (worn)
Jewellery
 f - an uncursed ring of poison resistance {unknown}
Scrolls
 e - a scroll of identify {unknown}
 k - a scroll of fear {unknown}
 m - a scroll of immolation {unknown}
 o - a scroll of recharging {unknown}
Potions
 g - 2 potions of curing
 i - a potion of flight {unknown}
 n - a potion of agility {unknown}
Books
 b - a book of Conjurations

   Spells                             Type                      Level
   a - Magic Dart                     Conjuration                  1
   b - Searing Ray                    Conjuration                  2
   c - Dazzling Spray                 Conjuration/Hexes            3
   d - Fulminant Prism                Conjuration/Hexes            4
   e - Iskenderun's Mystic Blast      Conjuration                  4
   f - Iskenderun's Battlesphere      Conjuration/Charms           5
Comestibles
 c - 2 bread rations
 d - 5 chunks of flesh
 h - 2 beef jerkies
 l - 2 fruits


   Skills:
 + Level 2.8 Dodging
 - Level 3.0 Stealth
 + Level 3.4 Spellcasting
 + Level 5.4 Conjurations


You had 4 spell levels left.
You knew the following spells:

 Your Spells              Type           Power        Failure   Level  Hunger
a - Magic Dart            Conj           ####         1%          1    None
b - Dazzling Spray        Conj/Hex       ##....       14%         3    ###....


Dungeon Overview and Level Annotations

Branches:
Dungeon (2/15)

Altars:

Annotations:
D:2 Natasha, Terence


Message History

Press: ? - help, v - describe, . - travel
Here: Natasha The floor.
Natasha growls.
The iron imp grins evilly.
The iron imp disappears in a puff of smoke!
Natasha wildly gestures.
You feel troubled.
Natasha stares at you and mumbles some strange words.
You feel yourself slow down.
Casting: Magic Dart
Confirm with . or Enter, or press ? or * to list all spells.
Aiming: Magic Dart
Press: ? - help, Shift-Dir - straight line, f/p - Natasha
Aim: Natasha The magic dart hits Natasha.
Natasha is lightly wounded.
Natasha casts a spell at you. The magic dart hits you!
You die...

#.# #.#.# #+#
#.###.#.# #####.###
#.......# #.......#
#####.### #.......#
#.######..#....#
#..............######
########..#..........
#..##h..######
#...@...# #.......#
#########


You could see Natasha.

Vanquished Creatures
  2 adders (D:2)
  An ooze (D:2)
  A worm (D:2)
  2 ball pythons
  4 goblins (D:1)
  5 hobgoblins
  3 bats (D:1)
  4 frilled lizards
  4 kobolds (D:1)
  7 rats
33 creatures vanquished.

Notes
Turn   | Place    | Note
-------+----------+-------------------------------------------
     0 | D:1      | Ladykiller69 the Deep Elf Conjurer began the quest for the Orb.
     0 | D:1      | Reached XP level 1. HP: 10/10 MP: 6/6
   162 | D:1      | Reached XP level 2. HP: 15/15 MP: 5/8
   182 | D:1      | Reached skill level 5 in Conjurations
   586 | D:2      | Reached XP level 3. HP: 19/19 MP: 5/9
   736 | D:2      | Noticed Terence
  1018 | D:2      | Learned a level 3 spell: Dazzling Spray
  1079 | D:2      | Noticed Natasha
  1148 | D:2      | Killed from afar by Natasha

Skill      XL: |  1  2  3 |
---------------+----------+-----
Conjurations   | 5 |  5.4
Stealth        | 3 |  3.0
Dodging        | |  2.8
Spellcasting   | |  3.4

Action                   || total
-------------------------++-------
Melee: Quarterstaff      ||     7
 Cast: Magic Dart        ||    58
       Dazzling Spray    ||     2
  Eat: Chunk             ||     1
Armor: Robe              ||     2
Dodge: Dodged            ||    13
